 Dungeon Crawl Stone Soup version 0.31.0-11-ge490571c62 (webtiles) character file.

Game seed: 2406310992667669373

174 monsoonserge the Grasshopper (level 5, -5/26 HPs)
             Began as a Spriggan Warper on Feb 4, 2024.
             Slain by Dowan
             ... wielding a +0 dagger
              (7 damage)
             ... on level 4 of the Dungeon.
             The game lasted 00:08:04 (3046 turns).

monsoonserge the Grasshopper (Spriggan Warper)      Turns: 3046, Time: 00:08:05

Health: -5/26      AC:  2    Str:  7    XL:     5   Next: 28%
Magic:  0/19       EV: 20    Int: 14    God:
Gold:   23         SH:  0    Dex: 23    Spells: 8/10 levels left

rFire   . . .        a - +0 short sword
rCold   . . .        (no shield)
rNeg    . . .        b - +0 robe
rPois   .            (helmet restricted)
rElec   .            (no cloak)
rCorr   .            (gloves unavailable)
SInv    +            (boots unavailable)
Will    .....        g - amulet of guardian spirit
Stlth   +            n - ring of magical power
HPRegen 0.24/turn    t - +6 ring of dexterity
MPRegen 0.16/turn

%: guardian spirit
@: mighty, lit by a corona, glowing, very quick
A: very small, no large weapons, unfitting armour, see invisible, speed 3
a: no special abilities


You were on level 4 of the Dungeon.
You visited 1 branch of the dungeon, and saw 4 of its levels.

You collected 140 gold pieces.
You spent 117 gold pieces at shops.

Inventory:

Hand Weapons
 a - a +0 short sword (weapon)
Missiles
 d - 7 darts of dispersal
Armour
 b - a +0 robe (worn)
Jewellery
 g - an amulet of guardian spirit (around neck)
 l - a ring of fire
 n - a ring of magical power (left hand)
 t - a +6 ring of dexterity (right hand)
Scrolls
 c - 2 scrolls of blinking
 e - a scroll of revelation {unknown}
 f - 4 scrolls of identify {unknown}
 h - 2 scrolls of enchant armour {unknown}
 o - a scroll of silence {unknown}
 r - 2 scrolls of teleportation {unknown}
Potions
 j - a potion of ambrosia {unknown}
 k - 2 potions of lignification {unknown}
 m - a potion of berserk rage {unknown}
 p - a potion of mutation {unknown}
 q - a potion of degeneration {unknown}
 s - a potion of enlightenment {unknown}


   Skills:
 + Level 2.0 Fighting
 * Level 4.5 Short Blades
 + Level 1.3 Throwing
 + Level 4.1 Dodging
 + Level 2.2 Stealth
 - Level 3.0 Spellcasting
 + Level 4.9 Translocations


You had 8 spell levels left.
You knew the following spells:

 Your Spells              Type           Power      Damage    Failure   Level
a - Blink                 Tloc           30%        N/A       4%          2

Your spell library contained the following spells:

 Spells                   Type           Power      Damage    Failure   Level
 Lesser Beckoning         Tloc           30%        N/A       4%          2
 Teleport Other           Tloc           15%        N/A       9%          3
 Manifold Assault         Tloc           15%        N/A       28%         4
 Vhi's Electric Charge    Tloc/Air       16%        N/A       61%         4


Dungeon Overview and Level Annotations

Branches:
Dungeon (4/15)
 Temple: D:4-7

Altars:

Shops:
D:3 !

Annotations:
D:4 Dowan


Innate Abilities, Weirdness & Mutations

You are very small and have problems with some larger weapons.
You are too small for most types of armour.
You have supernaturally acute eyesight. (SInv)
You cover ground extremely quickly. (Speed+++)


Message History

* * * LOW HITPOINT WARNING * * *
You feel much better. Duvessa completely misses you.
Duvessa hits you with a +0 short sword!
Dowan smirks and points a slender finger.
Dowan points at you and mumbles some strange words.
The puff of flame misses you.
You hit Duvessa.
Duvessa is severely wounded.
Duvessa hits you with a +0 short sword.
You puncture Duvessa!
Duvessa is almost dead.
Duvessa hits you with a +0 short sword!
* * * LOW HITPOINT WARNING * * *
You puncture Duvessa!
You kill Duvessa!
Dowan seems overcome with grief.
Dowan seems to find hidden reserves of power!
Dowan points at you and mumbles some strange words.
The shard of ice misses you.
Your Fighting skill increases to level 2!
Your Short Blades skill increases to level 4!
Your Dodging skill increases to level 4!
Your Stealth skill increases to level 2!
You have reached level 5!
You feel agile.
You puncture Dowan!
Dowan is almost dead.
Dowan gestures at you while chanting. The shard of ice misses you.
Dowan says, "Magic will overcome all!"
Dowan hits you with a +0 dagger.
* * * LOW HITPOINT WARNING * * *
You barely miss Dowan.
Dowan is almost dead.
Dowan hits you with a +0 dagger.
* * * LOW HITPOINT WARNING * * *
You closely miss Dowan.
Dowan is almost dead.
Dowan hits you with a +0 dagger!
You die...

.....<......
#.........>##.......
#(..................
................... ##.
#................#
....##................#
.....#.##....#.......###
#....#......##..........
#...#.......##.)@.......
#...#.......#..e....#..#
#..............###.#
##.....##...†### ..
##.(...........)# ...
#............(...# ..
##......).......e.. .
#...##.##............
##.....###...........


You could see Dowan (fast).

Vanquished Creatures
  Duvessa (D:4)
  2 adders (D:2)
  4 ribbon worms
  A dart slug (D:1)
  2 endoplasms
  3 giant cockroaches
  6 goblins
  4 hobgoblins
  6 kobolds
  8 ball pythons
  5 bats
  2 frilled lizards
  2 rats (D:2)
46 creatures vanquished.

Notes
Turn   | Place    | Note
-------+----------+-------------------------------------------
     0 | D:1      | monsoonserge the Spriggan Warper began the quest for the
                  | Orb.
     0 | D:1      | Reached XP level 1. HP: 10/10 MP: 5/5
   146 | D:1      | Found a faded altar of an unknown god.
   588 | D:1      | Reached XP level 2. HP: 14/14 MP: 6/6
   591 | D:1      | Learned a level 2 spell: Blink
  1357 | D:2      | Reached XP level 3. HP: 18/18 MP: 6/8
  1524 | D:2      | Reached skill level 1 in Stealth
  2667 | D:3      | Reached XP level 4. HP: 23/23 MP: 9/9
  2668 | D:3      | Found Muakk's Distillery.
  2915 | D:3      | Bought a potion of might for 52 gold pieces
  2915 | D:3      | Bought a potion of heal wounds for 65 gold pieces
  3006 | D:4      | Noticed Dowan
  3008 | D:4      | Noticed Duvessa
  3043 | D:4      | Killed Duvessa
  3044 | D:4      | Reached XP level 5. HP: 6/26 MP: 1/10
  3046 | D:4      | Slain by Dowan

Illustrated notes

Levels and vault maps discovered:
D:1:      nzn_arrival_settlement, layout_loops_corners,
          shapermc_ecumenical_altar_gd, nicolae_eternal_life,
          minmay_pentomino_z4
D:2:      layout_basic, grunt_ministairs_7
D:3:      layout_loops_cross, serial_shops, nicolae_shop_window_shopping
D:4:      layout_cave_pools, uniq_duvessa

Skill      XL: |  1  2  3  4 |
---------------+-------------+-----
Short Blades   | 3 4 |  4.5
Spellcasting   | 3 |  3.0
Stealth        | 1 2 |  2.2
Fighting       | 2 |  2.0
Dodging        | 4 |  4.1
Throwing       | |  1.3
Translocations | |  4.9

Action                     |  1- 3 |  4- 6 || total
---------------------------+-------+-------++-------
  Melee: Short sword       |   222 |    50 ||   272
         Punch             |     1 |     1 ||     2
  Throw: Dart              |    11 |     5 ||    16
    Use: Potion            |       |     2 ||     2
   Stab: Sleeping          |     4 |       ||     4
         Distracted        |       |     1 ||     1
 Armour: Robe              |    62 |    19 ||    81
  Dodge: Dodged            |   137 |    33 ||   170
